 Dungeon Crawl Stone Soup version 0.30-a0-760-g5a9884bb7c (webtiles) character file.

Game seed: 10572977796395842547

182 Ge0ff the Chopper (level 5, -17/69 HPs)
             Began as a Minotaur Warper on Feb 11, 2023.
             Demolished by an ogre
             ... wielding a +0 giant club
              (25 damage)
             ... on level 4 of the Dungeon.
             The game lasted 00:04:13 (2964 turns).

Ge0ff the Chopper (Minotaur Warper)                 Turns: 2964, Time: 00:04:14

Health: -17/69     AC: 22    Str: 17    XL:     5   Next: 34%
Magic:  6/6        EV:  2    Int: 10    God:
Gold:   136        SH:  0    Dex: 16    Spells: 6/6 levels left

rFire   . . .      SeeInvis .    (no weapon)
rCold   . . .      Faith    .    (no shield)
rNeg    . . .      Spirit   .    (body armour currently unavailable)
rPois   +          Reflect  .    (helmet currently unavailable)
rElec   .          Harm     .    (cloak currently unavailable)
rCorr   .          Rampage  .    (gloves currently unavailable)
Will    .....      NoTele   +    (boots currently unavailable)
Stlth   ++                       Q - amulet of regeneration
HPRegen 1.11/turn                D - +6 ring of dexterity
MPRegen 0.10/turn                (no ring)

@: lethally poisoned (-17 -> -17), tree-form
A: stationary, stasis, torment immunity, boosted hp, (horns 2), (retaliatory
headbutt)
a: no special abilities


You were on level 4 of the Dungeon.
You were a tree.
You visited 1 branch of the dungeon, and saw 4 of its levels.

You collected 136 gold pieces.

Inventory:

Hand Weapons
 a - a +1 hand axe
 b - a +0 triple crossbow
 O - a +0 flail
Missiles
 d - 9 boomerangs of dispersal
 U - 5 poisoned darts (quivered)
 V - 30 stones
 Z - 6 javelins
Armour
 H - a +0 chain mail (melded)
 I - a +1 cloak (melded)
 R - a +0 pair of boots (melded)
 S - a +0 plate armour
Jewellery
 D - a +6 ring of dexterity (left branch)
 Q - an amulet of regeneration (around neck)
Wands
 p - a wand of paralysis (3)
Scrolls
 m - a scroll of magic mapping
 B - 2 scrolls of blinking
 C - 2 scrolls of poison
 E - a scroll of fear
 F - 3 scrolls of fog
 T - 3 scrolls of teleportation
Potions
 q - 4 potions of curing
 L - a potion of lignification
 M - 5 potions of might
 W - a potion of attraction {unknown}
 X - a potion of flight {unknown}
 Y - a potion of resistance {unknown}


   Skills:
 + Level 3.7 Fighting
 * Level 4.9 Axes
 - Level 1.0 Throwing
 + Level 2.0 Armour
 + Level 2.6 Dodging
 + Level 1.8 Stealth
 - Level 1.3 Spellcasting
 - Level 2.1 Translocations


You had 6 spell levels left.
You didn't know any spells.
Your spell library contained the following spells:

 Spells                   Type           Power      Damage    Failure   Level
 Blink                    Tloc           10%        N/A       21%         2
 Lesser Beckoning         Tloc           10%        N/A       21%         2
 Momentum Strike          Conj/Tloc      4%         3d8       32%         2
 Teleport Other           Tloc           5%         N/A       38%         3
 Vhi's Electric Charge    Tloc/Air       4%         N/A       54%         3
 Manifold Assault         Tloc           5%         N/A       80%         4


Dungeon Overview and Level Annotations

Branches:
Dungeon (4/15) Zot: 21017
 Temple: D:4-7

Altars:

Shops:
D:3 :   D:4 :


Innate Abilities, Weirdness & Mutations

You are a tree.
Your roots penetrate the ground, keeping you stationary.
You cannot be teleported.
You are immune to unholy pain and torment.
Your maximum health is greatly increased.
Your equipment is partially melded.
((You have a pair of horns on your head.))
((You reflexively headbutt those who attack you in melee.))


Message History

The scorpion is lightly wounded.
You barely miss the adder.
The scorpion stings you but does no damage.
The adder bites you.
You are poisoned.
The adder poisons you!
The scorpion stings you but does no damage.
Really quaff the potion of lignification?
You turn into a tree.
Your +1 cloak melds into your body.
Your +0 pair of boots melds into your body.
Your +0 chain mail melds into your body.
Your roots penetrate the ground.
You feel sick. The adder bites you but does no damage.
The scorpion stings you but does no damage.
You are now empty-handed.
The adder bites you but does no damage.
You smack the scorpion!
The scorpion is severely wounded.
You feel sick.
The scorpion stings you but does no damage.
The adder bites you but does no damage. The scorpion stings you.
You are more poisoned.
The scorpion poisons you!
You smack the scorpion!
You kill the scorpion!
You feel very sick. The adder bites you.
You have reached level 5!
You smack the adder!
You kill the adder!
You feel very sick.
Your Armour skill increases to level 2!
You hit the ogre.
The ogre is lightly wounded.
You feel sick. The ogre hits you with a +0 giant club.
You hit the ogre.
The ogre is moderately wounded.
You feel sick.
The ogre hits you with a +0 giant club!!
You smack the ogre!
The ogre is severely wounded.
You feel sick.
You hit the ogre but do no damage.
The ogre is severely wounded.
You feel sick. The ogre hits you with a +0 giant club!
* * * LOW HITPOINT WARNING * * *
You smack the ogre!
The ogre is almost dead.
You feel sick.
The ogre hits you with a +0 giant club!!
You die...

#.##.###.
...
#....###.#
###
#..∩.....#
#.##.#####
...##..#
###...#.##
###.#..#
#<##.#####
.. #O♣†$.#
#..<.####.#
..##.. #..
##. ##


You could see an ogre.

Vanquished Creatures
  A scorpion (D:4)
  Terence (D:3)
  3 adders
  2 worms (D:2)
  A dart slug (D:3)
  An orc (D:3)
  8 ball pythons
  6 endoplasms
  2 giant cockroaches
  9 hobgoblins
  3 jackals (D:2)
  4 kobolds
  A quokka (D:1)
  9 bats
  A frilled lizard (D:1)
  7 goblins
  6 rats
65 creatures vanquished.

Notes
Turn   | Place    | Note
-------+----------+-------------------------------------------
     0 | D:1      | Ge0ff the Minotaur Warper began the quest for the Orb.
     0 | D:1      | Reached XP level 1. HP: 18/18 MP: 1/1
   240 | D:1      | Reached skill level 3 in Axes
   240 | D:1      | Reached XP level 2. HP: 18/25 MP: 3/3
   830 | D:2      | Reached skill level 1 in Stealth
   830 | D:2      | Reached XP level 3. HP: 31/31 MP: 4/4
  1636 | D:2      | Reached skill level 4 in Axes
  1734 | D:2      | Reached XP level 4. HP: 38/38 MP: 5/5
  2284 | D:3      | Noticed Terence
  2297 | D:3      | Killed Terence
  2754 | D:3      | Found Omoysow's Book Shoppe.
  2934 | D:4      | Found Pufal's Book Shop.
  2947 | D:4      | Noticed a scorpion
  2949 | D:4      | Noticed an ogre
  2958 | D:4      | Killed a scorpion
  2959 | D:4      | Reached XP level 5. HP: 46/46 MP: 6/6
  2964 | D:4      | Demolished by an ogre

Illustrated notes

Levels and vault maps discovered:
D:1:      dpeg_arrival_circle_labyrinth_c, layout_basic
D:2:      layout_basic, grunt_ministairs_11, hex_tiny
D:3:      layout_loops_ring, serial_shops, shop, minmay_misc_feat_hallway,
          uniq_terence
D:4:      layout_rooms, serial_shops, shop

Skill      XL: |  1  2  3  4  5 |
---------------+----------------+-----
Axes           | 3 4 |  4.9
Fighting       | 3 |  3.7
Stealth        | 1 |  1.8
Armour         | 2 |  2.0
Throwing       | |  1.0
Dodging        | |  2.6
Spellcasting   | |  1.3
Translocations | |  2.1

Action                     |  1- 3 |  4- 6 || total
---------------------------+-------+-------++-------
  Melee: Hand axe          |    98 |    50 ||   148
         Headbutt          |    21 |     9 ||    30
         Unarmed           |       |     8 ||     8
         Punch             |       |     1 ||     1
   Fire: Triple crossbow   |     2 |       ||     2
    Use: Scroll            |     7 |     5 ||    12
         Potion            |       |     1 ||     1
   Stab: Sleeping          |     1 |       ||     1
 Armour: Leather armour    |    21 |       ||    21
         Chain mail        |    36 |    33 ||    69
         Skin              |       |     5 ||     5
  Dodge: Dodged            |    52 |    13 ||    65

Table legend: (Time is in decaauts)
 A = Elapsed time spent in this place.
 B = Non-inter-level travel time spent in this place.
 C = Inter-level travel time spent in this place.
 D = Time resting spent in this place.
 E = Time spent auto-exploring this place.
 F = Levels seen in this place.
 G = Mean time per level.
                   A        B        C        D        E       F      G
               +--------+--------+--------+--------+--------+-----+--------+
         Total |   2981 |   2802 |    179 |    100 |   2173 |   4 |  745.2 |
       Dungeon |   2981 |   2802 |    179 |    100 |   2173 |   4 |  745.2 |
               +--------+--------+--------+--------+--------+-----+--------+

Top non-repeatable levels by time:
     D:2: 1371 daAuts
     D:1: 831 daAuts
     D:3: 729 daAuts
     D:4: 48 daAuts
